 Dungeon Sprint DCSS version 0.31-a0-728-g01b46875f1 (webtiles) character file.

Game seed: 8938980017118800636

760 sircluck the Grappler (level 7, 0/81 HPs)
             Began as a Troll Berserker on Sept 11, 2023.
             Was a Priest of Trog.
             Slain by an efreet
             ... wielding a +0 scimitar of flaming
              (7 damage)
             ... in the Dungeon (Sprint VII: "The Pits").
             The game lasted 00:01:09 (177 turns).

sircluck the Grappler (Troll Berserker)              Turns: 177, Time: 00:01:09

Health: 0/81       AC:  4    Str: 28    XL:     7   Next: 51%
Magic:  6/6        EV: 12    Int:  3    God:    Trog [***...]
Gold:   0          SH:  0    Dex:  9    Spells: 6/6 levels left

rFire   . .          .
                       - Unarmed
rCold   . . .        (no shield)
rNeg    . . .        a - +0 animal skin
rPois   .            (helmet restricted)
rElec   .            (no cloak)
rCorr   .            (gloves unavailable)
SInv    .            (boots unavailable)
Will    .....        (no amulet)
Stlth   +            (no ring)
HPRegen 1.13/turn    (no ring)
MPRegen 0.10/turn

%: no teleportation
@: lethally poisoned (0 -> 0), on berserk cooldown, slowed, very slow
A: large, unfitting armour, claws 3, regeneration 1, shaggy fur 1, tough skin 1
a: Renounce Religion, Berserk, Trog's Hand


You were in the Dungeon.
You worshipped Trog.
Trog was most pleased with you.
You visited 1 branch

Inventory:

Armour
 a - a +0 animal skin (worn)
Scrolls
 g - a scroll of blinking
Potions
 b - a potion of curing
 d - a potion of haste
 e - 2 potions of magic
 f - a potion of berserk rage


   Skills:
 + Level 8.5 Fighting
 + Level 8.4 Dodging
 + Level 10.1 Unarmed Combat


You had 6 spell levels left.
You didn't know any spells.
Your spell library was empty.

Dungeon Overview and Level Annotations

Branches:
Dungeon (1/1)

Altars:


Innate Abilities, Weirdness & Mutations

You are too large for most types of armour.
You have claws for hands.
Your natural rate of healing is unusually fast.
You are covered in fur. (AC +1)
You have tough skin. (AC +1)


Message History

The killer bee stings you. The acid dragon closely misses you.
The acid dragon barely misses you.
Unknown command.
You claw the killer bee!
The killer bee is severely wounded.
You feel very sick.
The killer bee stings you but does no damage.
The killer bee stings you. The acid dragon bites you.
The acid dragon closely misses you. The killer bee stings you.
You are more poisoned.
The killer bee poisons you!
You barely miss the killer bee.
The killer bee is severely wounded.
You feel very sick. The killer bee closely misses you.
The killer bee stings you!
* * * LOW HITPOINT WARNING * * *
The acid dragon closely misses you. The acid dragon barely misses you.
The killer bee closely misses you.
The acid dragon bites you but does no damage.
The acid dragon closely misses you.
You claw the killer bee!
You kill the killer bee!
Trog accepts your kill.
You feel very sick.
The acid dragon bites you but does no damage.
The acid dragon claws you.
* * * LOW HITPOINT WARNING * * *
Your Unarmed Combat skill increases to level 10!
Unknown command.
Unknown command.
Unknown command.
You completely miss the efreet.
You feel sick. The acid dragon barely misses you. x2
The efreet hits you with a +0 scimitar of flaming!
* * * LOW HITPOINT WARNING * * *
The efreet burns you.
* * * LOW HITPOINT WARNING * * *
You barely miss the efreet.
You feel sick.
The efreet hits you with a +0 scimitar of flaming!
You die...

#................#
#......#..#......#
#................+
+.............B..+
#......#..#......#
#...)............#
####)#####++######
#.......##++#
#.......##.@#
#.......##DR#
#...<...##.○#
#.......##..#
#.......##..#
#.......##...#
##########...○'
#...##.. #..##


yyy You could see an efreet and an acid dragon.

Vanquished Creatures
  A sea snake (D)
  An orc warrior (D)
  3 killer bees (D)
  2 orcs (D)
  A ball python (D)
8 creatures vanquished.

Notes
Turn   | Place    | Note
-------+----------+-------------------------------------------
     0 | D        | sircluck the Troll Berserker began the quest for the Orb.
     0 | D        | Reached XP level 1. HP: 22/22 MP: 0/0
    31 | D        | Noticed an orc warrior
    31 | D        | Noticed a sea snake
    55 | D        | Killed a sea snake
    56 | D        | Reached skill level 9 in Unarmed Combat
    56 | D        | Reached XP level 2. HP: 34/41 MP: 1/1
    56 | D        | Reached XP level 3. HP: 40/48 MP: 2/2
    56 | D        | Reached XP level 4. HP: 48/57 MP: 3/3
    56 | D        | Reached XP level 5. HP: 53/63 MP: 4/4
    56 | D        | Reached XP level 6. HP: 61/72 MP: 5/5
    56 | D        | Reached XP level 7. HP: 66/79 MP: 6/6
    58 | D        | Reached ** piety under Trog
   126 | D        | Reached *** piety under Trog
   147 | D        | Noticed a boulder beetle
   168 | D        | Noticed an efreet
   176 | D        | Reached skill level 10 in Unarmed Combat
   177 | D        | Slain by an efreet

Illustrated notes

Levels and vault maps discovered:
D:        pitsprint [storerooms_1, entrance_room_1, metal_vault_3, armoury_3,
          mini_pit_1, grid_room_1, main_hall_1, silver_pit, the_coven_3,
          the_vestibule_1, steel_vault_5, golden_pit, hallway_of_sentries,
          crystal_vault_4, iron_vault_4, final_vault]

Skill      XL: |  1  2  3  4  5  6  7 |
---------------+----------------------+-----
Fighting       | 7 8 |  8.5
Dodging        | 7 8 |  8.4
Unarmed Combat | 9 10 | 10.1

Action                     |  1- 3 |  4- 6 |  7- 9 || total
---------------------------+-------+-------+-------++-------
  Melee: Unarmed           |    12 |       |    26 ||    38
         Punch             |     1 |       |       ||     1
 Invoke: Berserk           |     1 |       |     1 ||     2
    Use: Potion            |       |       |     1 ||     1
 Armour: Animal skin       |     5 |       |    36 ||    41
  Dodge: Dodged            |     9 |       |    29 ||    38

Table legend: (Time is in decaauts)
 A = Elapsed time spent in this place.
 B = Non-inter-level travel time spent in this place.
 C = Inter-level travel time spent in this place.
 D = Time resting spent in this place.
 E = Time spent auto-exploring this place.
 F = Levels seen in this place.
 G = Mean time per level.
                   A        B        C        D        E       F      G
               +--------+--------+--------+--------+--------+-----+--------+
         Total |    184 |    184 |      0 |     60 |     11 |   1 |  184.0 |
       Dungeon |    184 |    184 |      0 |     60 |     11 |   1 |  184.0 |
               +--------+--------+--------+--------+--------+-----+--------+

Top non-repeatable levels by time:
       D: 184 daAuts
